 Dungeon Crawl Stone Soup version 0.27.1-33-g824d729ab1 (webtiles) character file.

Game seed: 13381916491675522360

18 Descartes the Sneak (level 2, 0/13 HPs)
             Began as a Spriggan Wanderer on Nov 26, 2021.
             Slain by a worm (8 damage)
             ... on level 2 of the Dungeon.
             The game lasted 00:02:14 (1676 turns).

Descartes the Sneak (Spriggan Wanderer)             Turns: 1676, Time: 00:02:14

Health: 0/13       AC:  4    Str:  7    XL:     2   Next: 51%
Magic:  3/3        EV: 18    Int: 14    God:
Gold:   50         SH:  0    Dex: 14    Spells: 1/1 levels left

rFire    . . .     SeeInvis +   m - +6 dagger
rCold    + . .     Faith    .   (shield restricted)
rNeg     . . .     Spirit   .   b - +2 robe
rPois    .         Reflect  .   (helmet restricted)
rElec    .         Harm     .   (no cloak)
rCorr    .         Rampage  .   (gloves unavailable)
Will     .....                  (boots unavailable)
Stlth    +++.......             (no amulet)
HPRegen  0.04/turn              k - ring of protection from cold
MPRegen  0.08/turn              (no ring)

@: very quick
A: very small, no large weapons, unfitting armour, see invisible, speed 3
a: no special abilities


You were on level 2 of the Dungeon.
You visited 1 branch of the dungeon, and saw 2 of its levels.

You collected 50 gold pieces.

Inventory:

Hand Weapons
 a - a +0 quarterstaff
 d - a +0 dagger
 h - a +0 hunting sling
 m - a +6 dagger (weapon)
Missiles
 e - 4 arrows
 f - 49 stones (quivered)
 l - 7 poisoned darts
Armour
 b - a +2 robe (worn)
Jewellery
 k - a ring of protection from cold (left hand)
Scrolls
 g - 2 scrolls of identify {unknown}
 j - a scroll of blinking {unknown}
Potions
 c - a potion of curing
 i - a potion of brilliance {unknown}


   Skills:
 + Level 1.6 Short Blades
 - Level 1.3 Staves
 - Level 1.0 Throwing
 + Level 4.6 Dodging
 - Level 5.8 Stealth


You had one spell level left.
You didn't know any spells.
Your spell library contained the following spells:

 Spells                   Type           Power      Damage    Failure   Level
 Sublimation of Blood     Necr           0%         N/A       41%         2
 Wereblood                Tmut           0%         N/A       41%         2
 Summon Hydra             Summ           0%         N/A       100%        7


Dungeon Overview and Level Annotations

Branches:
Dungeon (2/15)

Altars:

Annotations:
D:2 Natasha


Innate Abilities, Weirdness & Mutations

You are very small and have problems with some larger weapons.
You are too small for most types of armour.
You have supernaturally acute eyesight. (SInv)
You cover ground extremely quickly. (Speed+++)


Message History

You are too injured to fight recklessly!
You are too injured to fight recklessly!
The bat completely misses you. The bat closely misses you.
There is a stone staircase leading up here.
You climb upwards.
There is a stone staircase leading down here.
HP restored.
Done exploring.
There is an open door here.
There is a large open door here.
There is a large open door here.
There is an open door here.
There is a stone staircase leading down here.
You climb downwards.
Level annotation: Natasha
There is a stone staircase leading up here.
No target in view!
Found a runed dagger.
A hobgoblin comes into view.
You see here a +6 dagger.
The helpless hobgoblin fails to defend itself.
You impale the hobgoblin!!
You kill the hobgoblin!
You see here a +6 dagger.
m - a +6 dagger
m - a +6 dagger (weapon)
You see here a hobgoblin corpse.
A worm comes into view.
A bat comes into view.
Found a stone staircase leading up.
Found a ring mail.
You barely miss the worm. The worm bites you.
You hit the worm.
The worm is moderately wounded.
You puncture the worm!
The worm is severely wounded.
The worm bites you!
Ouch! That really hurt!
You die...

.## #.# .# #.# ## #.##
# ###..#### ##
#.......# .# #.......#
.####### #.......#
.......#######.....b.#
######..†.......@w...#
# #########.......#
#.......# #.[.....#
#.....<.# #########


You could see a worm and a bat (asleep).

Vanquished Creatures
  A ball python (D:1)
  3 endoplasms (D:1)
  2 goblins (D:1)
  3 hobgoblins
  2 kobolds (D:1)
  2 bats (D:1)
  A frilled lizard (D:1)
  2 rats (D:1)
16 creatures vanquished.

Notes
Turn   | Place    | Note
-------+----------+-------------------------------------------
     0 | D:1      | Descartes the Spriggan Wanderer began the quest for the
                  | Orb.
     0 | D:1      | Descartes set off with the following items: a +0
                  | quarterstaff, a +2 robe, a potion of curing, a +0 dagger
     0 | D:1      | Reached XP level 1. HP: 9/9 MP: 2/2
   251 | D:1      | Reached skill level 1 in Short Blades
   256 | D:1      | Reached XP level 2. HP: 13/13 MP: 3/3
   815 | D:1      | Found a faded altar of an unknown god.
  1326 | D:2      | Noticed Natasha
  1676 | D:2      | Slain by a worm

Illustrated notes

Levels and vault maps discovered:
D:1:      evilmike_arrival_hilbert_curve, layout_basic,
          hellmonk_ecumenical_altar_leap_of_faith
D:2:      layout_rooms, uniq_natasha

Skill      XL: |  1 |
---------------+----+-----
Short Blades   | 1 |  1.6
Staves         | |  1.3
Throwing       | |  1.0
Dodging        | |  4.6
Stealth        | |  5.8

Action                   || total
-------------------------++-------
Melee: Quarterstaff      ||    25
       Dagger            ||    39
 Stab: Sleeping          ||     5
Armor: Robe              ||     5
Dodge: Dodged            ||    59
